| TOP OF THE 1ST |
|
Tacoma Rainiers batting - Pitching for Scranton WB RailRiders : RHP Eric Aguilar
|
|
Pitching: RHP Eric Aguilar
|
|
|
Batting: LHB Caleb Domino
|
0-0: Ball 1-0: Ball 2-0: Ball 3-0: Base on Balls
|
|
Batting: RHB Tony Vargas
|
0-0: Ball 1-0: Ball 2-0: Grounds into double play, 6-4-3 (Groundball, 6, EV 89.4 MPH)
|
|
Batting: RHB Harutomi Matsubara
|
0-0: Called Strike 0-1: Ball 1-1: Ball 2-1: Called Strike 2-2: Ball 3-2: Ground out 4-3 (Groundball, 34, EV 89.4 MPH)
|
| Top of the 1st over - 0 runs, 0 hits, 0 errors, 0 left on base; Tacoma 0 - Scranton WB 0 |
| BOTTOM OF THE 1ST |
|
Scranton WB RailRiders batting - Pitching for Tacoma Rainiers : RHP T.J. Stahlman
|
|
Pitching: RHP T.J. Stahlman
|
|
|
Batting: RHB Bobby Melillo
|
0-0: Ball 1-0: Ball 2-0: Foul Ball, location: 2F 2-1: Ball 3-1: Called Strike 3-2: Strikes out looking
|
|
Batting: LHB Kazuyoshi Nakamura
|
0-0: Ground out U3 (Groundball, 34, EV 85.0 MPH)
|
|
Batting: SHB Mukhtar Wa'il
|
0-0: Ball 1-0: Foul Ball, location: 2F 1-1: Ball 2-1: Foul Ball, location: 2F 2-2: Strikes out swinging
|
| Bottom of the 1st over - 0 runs, 0 hits, 0 errors, 0 left on base; Tacoma 0 - Scranton WB 0 |
| TOP OF THE 2ND |
|
Tacoma Rainiers batting - Pitching for Scranton WB RailRiders : RHP Eric Aguilar
|
|
Batting: LHB Ryan Lowe
|
0-0: Ball 1-0: Called Strike 1-1: Ball 2-1: Ground out 5-3 (Groundball, 56, EV 80.6 MPH)
|
|
Batting: LHB Tom Reynolds
|
0-0: Ball 1-0: Called Strike 1-1: SINGLE (Groundball, 56D, EV 100.0 MPH)
|
|
Batting: RHB Brad Robidas
|
Pickoff Throw to First - Error! E1 Tom Reynolds to second 0-0: Called Strike 0-1: Fly out, F8 (Flyball, 8RD, EV 88.8 MPH) Runner from 2nd tags up, SAFE at 3rd with throw by CF
|
|
Batting: RHB Rick Ellis
|
0-0: Foul Ball, location: 2F 0-1: Fly out, F7 (Flyball, 78M, EV 86.2 MPH)
|
| Top of the 2nd over - 0 runs, 1 hit, 1 error, 1 left on base; Tacoma 0 - Scranton WB 0 |
| BOTTOM OF THE 2ND |
|
Scranton WB RailRiders batting - Pitching for Tacoma Rainiers : RHP T.J. Stahlman
|
|
Batting: LHB Joel Vera
|
0-0: Foul Ball, location: 2F 0-1: Called Strike 0-2: Ground out 4-3 (Groundball, 4MS, EV 90.0 MPH)
|
|
Batting: RHB Scott King
|
0-0: Foul Ball, location: 2F 0-1: Foul Ball, location: 2F 0-2: Foul Ball, location: 2F 0-2: Foul Ball, location: 2F 0-2: Ground out 2-3 (Groundball, 15S, EV 73.1 MPH)
|
|
Batting: RHB Jarrod Joyce
|
0-0: SINGLE (Groundball, 6MD, EV 98.1 MPH)
|
|
Batting: RHB Mike Gifford
|
0-0: Ball 1-0: Ball Jarrod Joyce steals 2nd base 2-0: Called Strike 2-1: Called Strike 2-2: SINGLE (Flyball, 5D, EV 98.1 MPH) Jarrod Joyce to third Runner from 3rd tries for Home, throw by LF and OUT! 7-2
|
| Bottom of the 2nd over - 0 runs, 2 hits, 0 errors, 1 left on base; Tacoma 0 - Scranton WB 0 |
| TOP OF THE 3RD |
|
Tacoma Rainiers batting - Pitching for Scranton WB RailRiders : RHP Eric Aguilar
|
|
Batting: RHB Sean Peake
|
0-0: Called Strike 0-1: Swinging Strike 0-2: Ball 1-2: Strikes out swinging
|
|
Batting: RHB Kikuo Sato
|
0-0: Called Strike 0-1: Ball 1-1: Fly out, F8 (Line Drive, 8RD, EV 105.0 MPH)
|
|
Batting: LHB Caleb Domino
|
0-0: Ball 1-0: Ball 2-0: Called Strike 2-1: Called Strike 2-2: Strikes out looking
|
| Top of the 3rd over - 0 runs, 0 hits, 0 errors, 0 left on base; Tacoma 0 - Scranton WB 0 |
| BOTTOM OF THE 3RD |
|
Scranton WB RailRiders batting - Pitching for Tacoma Rainiers : RHP T.J. Stahlman
|
|
Batting: LHB Aaron Joyner
|
0-0: Ball 1-0: Swinging Strike 1-1: Ground out 3-1 (Groundball, 34, EV 85.6 MPH)
|
|
Batting: SHB Edwin Dominguez
|
0-0: Called Strike 0-1: Ball 1-1: Ball 2-1: Ball 3-1: Ground out 6-3 (Groundball, 6S, EV 56.2 MPH)
|
|
Batting: RHB Bobby Melillo
|
0-0: Called Strike 0-1: Ball 1-1: Foul Ball, location: 2F 1-2: Foul Ball, location: 2F 1-2: Foul Ball, location: 2F 1-2: Ground out 6-3 (Groundball, 6S, EV 78.1 MPH)
|
| Bottom of the 3rd over - 0 runs, 0 hits, 0 errors, 0 left on base; Tacoma 0 - Scranton WB 0 |
| TOP OF THE 4TH |
|
Tacoma Rainiers batting - Pitching for Scranton WB RailRiders : RHP Eric Aguilar
|
|
Batting: RHB Tony Vargas
|
0-0: Swinging Strike 0-1: Fly out, F4 (Popup, 13, EV 73.8 MPH)
|
|
Batting: RHB Harutomi Matsubara
|
0-0: SINGLE (Line Drive, 56D, EV 98.8 MPH)
|
|
Batting: LHB Ryan Lowe
|
0-0: Ball 1-0: Ball 2-0: Ball 3-0: Foul Ball, location: 2F 3-1: Base on Balls Harutomi Matsubara to second
|
|
Batting: LHB Tom Reynolds
|
0-0: Called Strike 0-1: Called Strike 0-2: Ball 1-2: Foul Ball, location: 2F 1-2: Ball 2-2: Foul Ball, location: 2F 2-2: Ball 3-2: Grounds into double play, 6-4-3 (Groundball, 6M, EV 89.4 MPH)
|
| Top of the 4th over - 0 runs, 1 hit, 0 errors, 1 left on base; Tacoma 0 - Scranton WB 0 |
| BOTTOM OF THE 4TH |
|
Scranton WB RailRiders batting - Pitching for Tacoma Rainiers : RHP T.J. Stahlman
|
|
Batting: LHB Kazuyoshi Nakamura
|
0-0: Reached via error on a dropped throw from SS, E3 (Groundball, 6S, EV 71.2 MPH)
|
|
Batting: SHB Mukhtar Wa'il
|
0-0: Foul Ball, location: 2F 0-1: Ball 1-1: Foul Ball, location: 2F 1-2: Foul Ball, location: 2F 1-2: Grounds into double play, 3-6-1 (Groundball, 3, EV 81.9 MPH)
|
|
Batting: LHB Joel Vera
|
0-0: Swinging Strike 0-1: Called Strike 0-2: Strikes out swinging
|
| Bottom of the 4th over - 0 runs, 0 hits, 1 error, 0 left on base; Tacoma 0 - Scranton WB 0 |
| TOP OF THE 5TH |
|
Tacoma Rainiers batting - Pitching for Scranton WB RailRiders : RHP Eric Aguilar
|
|
Batting: RHB Brad Robidas
|
0-0: Ball 1-0: Ball 2-0: Called Strike 2-1: Ball 3-1: Foul Ball, location: 2F 3-2: Fly out, F4 (Popup, 4, EV 68.1 MPH)
|
|
Batting: RHB Rick Ellis
|
0-0: SINGLE (Flyball, 78S, EV 92.5 MPH)
|
|
Batting: RHB Sean Peake
|
0-0: Ball 1-0: Ball 2-0: Ball 3-0: Base on Balls Rick Ellis to second
|
|
Batting: RHB Kikuo Sato
|
0-0: Foul Ball, location: 2F 0-1: Fielders Choice at 2nd, 3-6 (Groundball, 34, EV 106.2 MPH) Rick Ellis to third
|
|
Batting: LHB Caleb Domino
|
0-0: TRIPLE (Line Drive, 7D, EV 98.1 MPH) Rick Ellis scores Kikuo Sato scores
|
|
Batting: RHB Tony Vargas
|
0-0: Called Strike 0-1: Ball 1-1: Ball 2-1: Fly out, F6 (Line Drive, 6, EV 68.8 MPH)
|
| Top of the 5th over - 2 runs, 2 hits, 0 errors, 1 left on base; Tacoma 2 - Scranton WB 0 |
| BOTTOM OF THE 5TH |
|
Scranton WB RailRiders batting - Pitching for Tacoma Rainiers : RHP T.J. Stahlman
|
|
Batting: RHB Scott King
|
0-0: Swinging Strike 0-1: Ground out 5-3 (Groundball, 5, EV 85.6 MPH)
|
|
Batting: RHB Jarrod Joyce
|
0-0: Ball 1-0: SINGLE (Line Drive, 56D, EV 105.0 MPH)
|
|
Batting: RHB Mike Gifford
|
0-0: Ball 1-0: Swinging Strike 1-1: Swinging Strike 1-2: Ball 2-2: Ball 3-2: Foul Ball, location: 2F 3-2: Base on Balls Jarrod Joyce to second
|
|
Batting: LHB Aaron Joyner
|
0-0: Foul Ball, location: 2F 0-1: Foul Ball, location: 2F 0-2: Fly out, F8 (Flyball, 8RM, EV 84.4 MPH)
|
|
Batting: SHB Edwin Dominguez
|
0-0: Ground out 6-3 (Groundball, 6S, EV 70.0 MPH)
|
| Bottom of the 5th over - 0 runs, 1 hit, 0 errors, 2 left on base; Tacoma 2 - Scranton WB 0 |
| TOP OF THE 6TH |
|
Tacoma Rainiers batting - Pitching for Scranton WB RailRiders : RHP Eric Aguilar
|
|
Batting: RHB Harutomi Matsubara
|
0-0: Called Strike 0-1: Ground out U3 (Groundball, 3, EV 104.4 MPH)
|
|
Batting: LHB Ryan Lowe
|
0-0: Called Strike 0-1: Ball 1-1: Ball 2-1: Called Strike 2-2: Foul Ball, location: 2F 2-2: Strikes out looking
|
|
Batting: LHB Tom Reynolds
|
0-0: Ball 1-0: Called Strike 1-1: Ball 2-1: Called Strike 2-2: Ball 3-2: Foul Ball, location: 2F 3-2: Strikes out looking
|
| Top of the 6th over - 0 runs, 0 hits, 0 errors, 0 left on base; Tacoma 2 - Scranton WB 0 |
| BOTTOM OF THE 6TH |
|
Scranton WB RailRiders batting - Pitching for Tacoma Rainiers : RHP T.J. Stahlman
|
|
Batting: RHB Bobby Melillo
|
0-0: Ball 1-0: Called Strike 1-1: Swinging Strike 1-2: Foul Ball, location: 2F 1-2: Ground out 5-3 (Groundball, 56S, EV 76.9 MPH)
|
|
Batting: LHB Kazuyoshi Nakamura
|
0-0: Ball 1-0: SOLO HOME RUN (Flyball, 9D, EV 96.2 MPH), Distance : 382 ft
|
|
Batting: SHB Mukhtar Wa'il
|
0-0: Ground out 1-3 (Groundball, 34S, EV 63.8 MPH)
|
|
Batting: LHB Joel Vera
|
0-0: Ball 1-0: Swinging Strike 1-1: Foul Ball, location: 2F 1-2: Strikes out swinging
|
| Bottom of the 6th over - 1 run, 1 hit, 0 errors, 0 left on base; Tacoma 2 - Scranton WB 1 |
| TOP OF THE 7TH |
|
Tacoma Rainiers batting - Pitching for Scranton WB RailRiders : RHP Eric Aguilar
|
|
Batting: RHB Brad Robidas
|
0-0: Called Strike 0-1: Fly out, F8 (Flyball, 8LD, EV 102.5 MPH)
|
|
Batting: RHB Rick Ellis
|
0-0: Swinging Strike 0-1: Foul Ball, location: 2F 0-2: Foul Ball, location: 2F 0-2: Foul Ball, location: 2F 0-2: Strikes out looking
|
|
Batting: RHB Sean Peake
|
0-0: Ground out 6-3 (Groundball, 6, EV 84.4 MPH)
|
| Top of the 7th over - 0 runs, 0 hits, 0 errors, 0 left on base; Tacoma 2 - Scranton WB 1 |
| BOTTOM OF THE 7TH |
|
Scranton WB RailRiders batting - Pitching for Tacoma Rainiers : RHP T.J. Stahlman
|
|
Now at 1B: Sean Peake
|
|
|
Now in LF: David Aguilar
|
|
|
Batting: RHB Scott King
|
0-0: Called Strike 0-1: Called Strike 0-2: Strikes out swinging
|
|
Batting: RHB Jarrod Joyce
|
0-0: Swinging Strike 0-1: Fly out, F7 (Flyball, 7, EV 95.0 MPH)
|
|
Batting: RHB Mike Gifford
|
0-0: Called Strike 0-1: Foul Ball, location: 2F 0-2: Ball 1-2: SINGLE (Line Drive, 7LS, EV 105.0 MPH)
|
|
Pitching: RHP Aidan Martin
|
|
|
Batting: LHB Aaron Joyner
|
0-0: Foul Ball, location: 2F 0-1: Foul Ball, location: 2F 0-2: Strikes out swinging
|
| Bottom of the 7th over - 0 runs, 1 hit, 0 errors, 1 left on base; Tacoma 2 - Scranton WB 1 |
| TOP OF THE 8TH |
|
Tacoma Rainiers batting - Pitching for Scranton WB RailRiders : RHP Eric Aguilar
|
|
Batting: RHB Kikuo Sato
|
0-0: Called Strike 0-1: Ball 1-1: Foul Ball, location: 2F 1-2: Strikes out swinging
|
|
Batting: LHB Caleb Domino
|
0-0: Swinging Strike 0-1: TRIPLE (Flyball, 9LD, EV 108.1 MPH)
|
|
Pitching: RHP Jose Tavira
|
|
|
Batting: RHB Tony Vargas
|
0-0: Called Strike 0-1: Foul Ball, location: 2F 0-2: Ball 1-2: Strikes out swinging
|
|
Batting: RHB Harutomi Matsubara
|
0-0: Ball 1-0: Ball 2-0: Called Strike 2-1: Foul Ball, location: 2F 2-2: Ball 3-2: Base on Balls
|
|
Batting: RHB David Aguilar
|
0-0: Foul Ball, location: 2F 0-1: Called Strike 0-2: Ball 1-2: Strikes out swinging
|
| Top of the 8th over - 0 runs, 1 hit, 0 errors, 2 left on base; Tacoma 2 - Scranton WB 1 |
| BOTTOM OF THE 8TH |
|
Scranton WB RailRiders batting - Pitching for Tacoma Rainiers : RHP Aidan Martin
|
|
Pitching: RHP Chris Gilbo
|
|
|
Batting: SHB Edwin Dominguez
|
0-0: Ball 1-0: Fly out, F8 (Line Drive, 78D, EV 108.1 MPH)
|
|
Batting: RHB Bobby Melillo
|
0-0: Ball 1-0: Foul Ball, location: 2F 1-1: Foul Ball, location: 2F 1-2: Fly out, F8 (Flyball, 8RM, EV 81.2 MPH)
|
|
Batting: LHB Kazuyoshi Nakamura
|
0-0: Ball 1-0: Called Strike 1-1: Ball 2-1: Called Strike 2-2: Ball 3-2: Fly out, F9 (Flyball, 9, EV 89.4 MPH)
|
| Bottom of the 8th over - 0 runs, 0 hits, 0 errors, 0 left on base; Tacoma 2 - Scranton WB 1 |
| TOP OF THE 9TH |
|
Tacoma Rainiers batting - Pitching for Scranton WB RailRiders : RHP Jose Tavira
|
|
Batting: LHB Tom Reynolds
|
0-0: Called Strike 0-1: Ball 1-1: Ball 2-1: Ball 3-1: Foul Ball, location: 2F 3-2: Strikes out looking
|
|
Batting: RHB Brad Robidas
|
0-0: Ball 1-0: Called Strike 1-1: Ball 2-1: Foul Ball, location: 2F 2-2: Strikes out looking
|
|
Batting: RHB Rick Ellis
|
0-0: Foul Ball, location: 2F 0-1: Foul Ball, location: 2F 0-2: Strikes out swinging, 2-3 out at first.
|
| Top of the 9th over - 0 runs, 0 hits, 0 errors, 0 left on base; Tacoma 2 - Scranton WB 1 |
| BOTTOM OF THE 9TH |
|
Scranton WB RailRiders batting - Pitching for Tacoma Rainiers : RHP Chris Gilbo
|
|
Pitching: RHP Victor Cervantes
|
|
|
Batting: SHB Mukhtar Wa'il
|
0-0: Called Strike 0-1: Ball 1-1: Swinging Strike 1-2: Foul Ball, location: 2F 1-2: Foul Ball, location: 2F 1-2: Hit by Pitch
|
|
Batting: LHB Joel Vera
|
0-0: Ball 1-0: SINGLE (Groundball, 13, EV 88.1 MPH) (infield hit) Mukhtar Wa'il to second
|
|
Batting: RHB Scott King
|
0-0: Called Strike 0-1: Ball 1-1: SINGLE (Groundball, 34D, EV 99.4 MPH) Mukhtar Wa'il to third Joel Vera to second
|
|
Batting: RHB Jarrod Joyce
|
0-0: Called Strike 0-1: Foul Ball, location: 2F 0-2: Ball 1-2: Foul Ball, location: 2F 1-2: Grounds into fielders choice 5-2 (Groundball, 56S, EV 68.8 MPH) Joel Vera to third Scott King to second
|
|
Batting: RHB Mike Gifford
|
0-0: Ball 1-0: Called Strike 1-1: Ball 2-1: Foul Ball, location: 2F 2-2: Foul Ball, location: 2F 2-2: Foul Ball, location: 2F 2-2: SINGLE (Groundball, 34, EV 95.6 MPH) Joel Vera scores Scott King to third Jarrod Joyce to second
|
|
Batting: LHB Aaron Joyner
|
0-0: Ball 1-0: Ball 2-0: Called Strike 2-1: Foul Ball, location: 2F 2-2: SINGLE (Groundball, 4M, EV 106.2 MPH) Scott King scores
|
| Bottom of the 9th over - 2 runs, 4 hits, 0 errors, 2 left on base; Tacoma 2 - Scranton WB 3 |
|